 Dungeon Crawl Stone Soup version 0.28-a0-94-g325244837d (webtiles) character file.

Game seed: 3716678197259237482

6603 Ezendos the Fighter (level 11, -5/123 HPs)
             Began as an Ogre Brigand on Aug 7, 2021.
             Was a Believer of Elyvilon.
             Killed from afar by a gargoyle (8 damage)
             ... with a stone arrow
             ... on level 10 of the Dungeon.
             The game lasted 00:42:11 (22327 turns).

Ezendos the Fighter (Ogre Brigand)                 Turns: 22327, Time: 00:42:12

Health: -5/123     AC:  7    Str: 17    XL:     11   Next: 2%
Magic:  25/29      EV:  9    Int: 21    God:    Elyvilon [**....]
Gold:   603        SH:  0    Dex: 10    Spells: 14/22 levels left

rFire   . . .      SeeInvis .   F - +2 dagger (venom)
rCold   . . .      Faith    .   (no shield)
rNeg    . . .      Spirit   .   b - +0 robe
rPois   .          Reflect  .   D - +1 hat
rElec   .          Harm     .   c - +2 cloak
rCorr   .          Rampage  .   (gloves unavailable)
Will    +....                   (boots unavailable)
Stlth   ++........              (no amulet)
HPRegen 0.30/turn               k - ring of magical power
MPRegen 0.21/turn               J - +6 ring of intelligence

@: lethally poisoned (-5 -> -8), divinely protected
A: large, unfitting armour, tough skin 1
a: Renounce Religion, Lesser Healing, Heal Other, Divine Protection


You were on level 10 of the Dungeon.
You worshipped Elyvilon.
Elyvilon was pleased with you.
You visited 1 branch of the dungeon, and saw 10 of its levels.
You also visited: Ossuary.

You collected 627 gold pieces.
You spent 24 gold pieces at shops.

Inventory:

Hand Weapons
 a - a +0 giant club
 z - a +4 scimitar
 F - a +2 dagger of venom (weapon)
Missiles
 d - 44 poisoned darts (quivered)
 e - 6 curare-tipped darts
 G - a throwing net
Armour
 b - a +0 robe (worn)
 c - a +2 cloak (worn)
 D - a +1 hat (worn)
Jewellery
 k - a ring of magical power (left hand)
 r - a ring of fire
 A - an amulet of guardian spirit
 J - a +6 ring of intelligence (right hand)
Wands
 w - a wand of digging (9)
 B - a wand of paralysis (21)
 E - a wand of acid (11)
Scrolls
 i - a scroll of fear
 j - a scroll of brand weapon {unknown}
 m - a scroll of enchant armour
 n - a scroll of immolation {unknown}
 o - 6 scrolls of amnesia {unknown}
 s - 2 scrolls of blinking
 t - a scroll of acquirement {unknown}
 y - a scroll of torment {unknown}
 C - a scroll of enchant weapon {unknown}
 I - a scroll of vulnerability {unknown}
 K - a scroll of silence {unknown}
Potions
 f - a potion of ambrosia
 g - a potion of berserk rage {unknown}
 h - 7 potions of curing
 l - 6 potions of haste
 p - a potion of might {unknown}
 q - a potion of flight {unknown}
 u - 2 potions of brilliance
 v - a potion of cancellation {unknown}
 x - 2 potions of lignification
 H - 2 potions of heal wounds {unknown}


   Skills:
 + Level 11.8 Fighting
 - Level 1.7 Short Blades
 - Level 2.0 Throwing
 - Level 0.8 Dodging
 - Level 2.9 Stealth
 - Level 6.0 Spellcasting
 - Level 6.0 Summonings
 - Level 6.0 Air Magic
 + Level 9.0 Invocations


You had 14 spell levels left.
You knew the following spells:

 Your Spells              Type           Power      Damage    Failure   Level
a - Summon Small Mammal   Summ           100%       N/A       1%          1
b - Call Canine Familiar  Summ           31%        N/A       2%          3
c - Summon Lightning Spi  Summ/Air       31%        N/A       9%          4

Your spell library contained the following spells:

 Spells                   Type           Power      Damage    Failure   Level
 Call Imp                 Summ           31%        N/A       1%          2
 Corpse Rot               Necr/Air       N/A        N/A       4%          2
 Summon Guardian Golem    Hex/Summ       18%        N/A       9%          3
 Magic Dart               Conj           24%        1d4       10%         1
 Mephitic Cloud           Conj/Pois/Air  14%        N/A       13%         3
 Blink                    Tloc           N/A        N/A       14%         2
 Slow                     Hex            6%         N/A       14%         2
 Confusing Touch          Hex            6%         N/A       28%         3
 Gell's Gravitas          Tloc           3%         N/A       28%         3
 Lesser Beckoning         Tloc           3%         N/A       28%         3
 Ozocubu's Armour         Ice            6%         N/A       28%         3
 Teleport Other           Tloc           6%         N/A       28%         3
 Vampiric Draining        Necr           3%         2d6       28%         3
 Agony                    Necr           6%         N/A       95%         5
 Manifold Assault         Tloc           6%         N/A       95%         5
 Dispersal                Tloc           3%         N/A       100%        6
 Ozocubu's Refrigeration  Ice            3%         4d5       100%        7
 Chain Lightning          Conj/Air       9%         3d12      100%        9


Dungeon Overview and Level Annotations

Branches:
Dungeon (10/15)            Temple (0/1) D:4         Ossuary (visited)
   Lair: D:8-11         Orc: D:9-12

Altars:
Dithmenos
Elyvilon
Gozag
Hepliaklqana
Makhleb
Okawaru
Qazlal
Uskayaw
Vehumet
Xom
Yredelemnul

Shops:
D:1 *   D:4 (

Annotations:
D:2 Sigmund
D:7 2 runed translucent doors
D:10 Grum


Innate Abilities, Weirdness & Mutations

You are too large for most types of armour.
You have tough skin. (AC +1)


Message History

* * * LOW HITPOINT WARNING * * *
You feel extremely sick.
Your hound bites the gargoyle but does no damage.
Your quokka barely misses the gargoyle.
Press: ? - help, v - describe, . - travel
Here: a gargoyle, wielding a +0 dire flail of protection (lightly damaged, ally target)
The floor, spattered with blood.
Unknown command.
You beseech Elyvilon to protect your life.
Elyvilon protects you from harm!
Your hound bites the gargoyle but does no damage.
Your quokka bites the gargoyle but does no damage.
The gargoyle barely misses you.
Your hound bites the gargoyle.
You feel better.
Your quokka bites the gargoyle but does no damage.
Grum hits you but does no damage.
You are poisoned.
Your hound bites the gargoyle but does no damage.
The gargoyle closely misses you.
You feel sick.
Your hound bites the gargoyle but does no damage.
Your quokka bites the gargoyle but does no damage.
Grum hits your quokka with a -1 halberd of venom!!
Your quokka dies!
Your quokka's corpse disappears in a puff of smoke!
Your hound bites the gargoyle but does no damage.
You feel sick.
The gargoyle hurls a stone arrow at you.
The stone arrow hits you.
* * * LOW HITPOINT WARNING * * *
Your hound bites the gargoyle but does no damage.
Okay, then.
* * * LOW HITPOINT WARNING * * *
You feel sick.
Your hound bites the gargoyle but does no damage.
Grum hits your hound with a -1 halberd of venom!
Your hound is poisoned.
The gargoyle hurls a stone arrow at you.
The stone arrow hits you!
You die...

#.# #..........# . #.#
#..........# .## #.#
#.>........###.. #.#
#.....<>.........## #.#
#............##....
#†########.##....##....
#.gh### #.....#.###...
###9..#####....#.# ##..
###.@##....#.#>###...
##.................
##................
#................
#.................
#.................
#.................
..................
..#................


You could see Grum (ally target), a gargoyle and a friendly hound (summoned,
very poisoned).

Vanquished Creatures
  2 kobold demonologists
  A hornet (D:9)
  A wyvern (D:9)
  5 yaks
  A steam dragon (D:9)
  2 water moccasins
  3 orc warriors
  A nameless horror (D:7)
  A necrophage (D:6)
  An ogre (D:7)
  A wolf (D:10)
  3 centaurs (D:9)
  A phantom (D:5)
  3 kobold brigands
  2 scorpions
  A wyvern skeleton (D:5)
  10 killer bees
  2 wights (D:7)
  5 howler monkeys
  4 centaur zombies (Ossuary)
  4 hounds
  2 jellies
  2 orc priests
  2 gnoll shamans
  An iguana (D:5)
  6 orc wizards
  2 killer bee zombies
  An ogre zombie (Ossuary)
  3 mummies (Ossuary)
  6 gnolls
  4 adders
  2 white imps
  2 ufetubi (D:6)
  2 adder zombies (Ossuary)
  3 dart slugs
  2 worms
  15 orcs
  6 bats
  7 endoplasms
  5 giant cockroaches
  A gnoll zombie (Ossuary)
  5 goblins
  9 hobgoblins
  9 jackals
  7 quokkas
  6 ball pythons
  3 frilled lizards
  3 goblin zombies (Ossuary)
  2 hobgoblin zombies (Ossuary)
  15 kobolds
  A kobold zombie (Ossuary)
  4 quokka zombies (Ossuary)
  4 rats
  7 rat zombies (Ossuary)
203 creatures vanquished.

Vanquished Creatures (collateral kills)
  A tengu conjurer (D:9)
  A troll (D:9)
  A slime creature (D:9)
  A shadow (D:9)
  A wyvern (D:7)
  A yak (D:9)
  An ice beast (D:6)
  A necrophage (D:8)
  A kobold brigand (D:5)
  A wyvern zombie (D:6)
  2 wights (D:7)
  A jelly (D:6)
  2 orc wizards
  4 mummies (Ossuary)
  An adder (D:5)
  An orc (D:7)
  A goblin zombie (Ossuary)
  A hobgoblin zombie (Ossuary)
  8 kobolds
  A kobold zombie (Ossuary)
  2 quokka zombies (Ossuary)
34 creatures vanquished.

Vanquished Creatures (others)
  A centaur (D:7)
  A phantom (D:5)
  2 killer bees (D:8)
  An orc priest (D:7)
  3 orcs (D:7)
  A kobold (D:8)
9 creatures vanquished.

Grand Total: 246 creatures vanquished

Notes
Turn   | Place    | Note
-------+----------+-------------------------------------------
     0 | D:1      | Ezendos the Ogre Brigand began the quest for the Orb.
     0 | D:1      | Reached XP level 1. HP: 22/22 MP: 1/1
    67 | D:1      | Reached skill level 3 in Fighting
   196 | D:1      | Reached XP level 2. HP: 23/31 MP: 2/2
   311 | D:1      | Reached skill level 4 in Fighting
   525 | D:1      | Found Pabruiwo's General Store.
   729 | D:1      | Reached XP level 3. HP: 40/40 MP: 3/3
   788 | D:1      | Bought a scroll of identify for 24 gold pieces
   920 | D:1      | Got the Catalogue of Dark Flight
  1250 | D:2      | Learned a level 1 spell: Summon Small Mammal
  1490 | D:2      | Found a white marble altar of Elyvilon.
  1508 | D:2      | Became a worshipper of Elyvilon the Healer
  1532 | D:2      | Reached skill level 5 in Fighting
  2010 | D:2      | Reached XP level 4. HP: 50/50 MP: 5/5
  2110 | D:2      | Reached skill level 1 in Spellcasting
  2113 | D:2      | Noticed Sigmund
  3058 | D:2      | Reached skill level 1 in Summonings
  3240 | D:3      | Reached * piety under Elyvilon
  3594 | D:3      | Reached XP level 5. HP: 55/57 MP: 7/7
  3772 | D:3      | Found an iron altar of Okawaru.
  3776 | D:3      | Found a basalt altar of Yredelemnul.
  3780 | D:3      | Found an opulent altar of Gozag.
  4229 | D:4      | Found Gyawech's Weapon Emporium.
  4234 | D:4      | Learned a level 3 spell: Call Canine Familiar
  4261 | D:4      | Reached skill level 1 in Invocations
  4342 | D:4      | Noticed an ogre
  4542 | D:4      | Reached ** piety under Elyvilon
  4544 | D:4      | Found a staircase to the Ecumenical Temple.
  5564 | D:4      | Reached XP level 6. HP: 67/67 MP: 9/9
  5606 | D:5      | Entered Level 5 of the Dungeon
  5636 | D:5      | Reached skill level 6 in Fighting
  5811 | D:5      | Found a sand-covered staircase.
  5820 | Ossuary  | Entered an ossuary
  7438 | Ossuary  | Reached XP level 7. HP: 64/76 MP: 7/11
  8294 | D:5      | Found a hide-covered altar of Uskayaw.
  9219 | D:5      | Found a stormy altar of Qazlal.
  9332 | D:5      | Reached skill level 7 in Fighting
  9490 | D:5      | Learned a level 4 spell: Summon Lightning Spire
 10022 | D:6      | Reached skill level 1 in Air Magic
 10022 | D:6      | Reached XP level 8. HP: 76/87 MP: 14/14
 12109 | D:7      | Identified the +6 rapier of the End of Times {chaos, Str+2
                  | Dex+2}
 12151 | D:7      | Reached skill level 5 in Spellcasting
 12164 | D:7      | Reached skill level 8 in Fighting
 12531 | D:7      | Found a large runed translucent door.
 12537 | D:7      | Found a shadowy altar of Dithmenos.
 12566 | D:7      | Reached skill level 5 in Invocations
 13081 | D:7      | Reached XP level 9. HP: 84/97 MP: 16/16
 13171 | D:7      | Noticed a manticore
 13172 | D:7      | Pacified a manticore
 13299 | D:7      | Elyvilon protects you from harm!
 13656 | D:7      | Found a hazy altar of Hepliaklqana.
 13659 | D:7      | Found a radiant altar of Vehumet.
 13719 | D:7      | Found a large runed translucent door.
 13944 | D:7      | Reached skill level 9 in Fighting
 13944 | D:7      | Reached skill level 5 in Summonings
 14508 | D:7      | Found a shimmering altar of Xom.
 14545 | D:8      | Reached *** piety under Elyvilon
 16987 | D:8      | You fall into a shaft and drop 2 floors!
 16987 | D:10     | Entered Level 10 of the Dungeon
 17110 | D:8      | Found a burning altar of Makhleb.
 17359 | D:9      | Noticed a troll
 17372 | D:9      | Killed a troll
 17373 | D:9      | Reached skill level 10 in Fighting
 17373 | D:9      | Reached XP level 10. HP: 52/110 MP: 8/17
 17665 | D:9      | Noticed a kobold demonologist
 17713 | D:9      | Killed a kobold demonologist
 17714 | D:9      | Reached skill level 5 in Air Magic
 20559 | D:9      | Reached skill level 11 in Fighting
 20651 | D:9      | Noticed a red ugly thing
 20657 | D:9      | Pacified a red ugly thing
 21132 | D:10     | Noticed a kobold demonologist
 21455 | D:10     | Noticed a rust devil
 21483 | D:10     | Killed a kobold demonologist
 22110 | D:9      | Reached XP level 11. HP: 100/123 MP: 20/20
 22313 | D:10     | Noticed Grum
 22322 | D:10     | HP: 2/123 [poisoned by Grum]
 22323 | D:10     | Elyvilon protects you from harm!
 22327 | D:10     | HP: 3/123 [poisoned by Grum]
 22327 | D:10     | Killed from afar by a gargoyle

Illustrated notes

Levels and vault maps discovered:
D:1:      elethiomel_arrival_quiet, layout_basic, serial_shops,
          nicolae_lakefront_shop
D:2:      layout_loops_corners, basic_altar, uniq_sigmund
D:3:      layout_loops_ring, grunt_temple_overflow_diamond,
          corexii_item_surrounded_by_moat
D:4:      layout_loops_ring, minmay_temple_entry_mini_moons, serial_shops,
          nicolae_lakefront_shop, minmay_puff
D:5:      layout_cave_pods, mainiacjoe_overflow_six_doors_small,
          mainiacjoe_overflow_alcove_1, enter_ossuary_1,
          minmay_stone_trees_small
D:6:      minmay_spotlight, layout_basic
D:7:      due_chaos_kobolds, layout_basic, nicolae_dithmenos_shadow_blocks,
          mainiacjoe_overflow_divided_tiny
D:8:      layout_cave_pools, mainiacjoe_overflow_alcove_2,
          chequers_decorated_corner, amethyst_killhole
D:9:      kennysheep_blocky_room, layout_cave_pods
D:10:     layout_rooms, nzn_overflow_gifts_of_might_and_magic,
          nicolae_tso_carved_into_rock, serial_bayou_crossing, uniq_grum

Skill      XL: |  1  2  3  4  5  6  7  8  9 10 11 |
---------------+----------------------------------+-----
Fighting       | 3 4 5 6 7 8 10 11 | 11.8
Spellcasting   | 1 2 3 4 5 6 |  6.0
Summonings     | 1 2 3 4 5 6 |  6.0
Invocations    | 1 2 3 5 6 8 9 |  9.0
Air Magic      | 1 3 4 6 |  6.0
Short Blades   | |  1.7
Throwing       | |  2.0
Dodging        | |  0.8
Stealth        | |  2.9

Action                   |  1- 3 |  4- 6 |  7- 9 | 10-12 || total
-------------------------+-------+-------+-------+-------++-------
Melee: Dagger            |   139 |   386 |   265 |   240 ||  1030
       Quarterstaff      |       |       |   179 |       ||   179
       Scimitar          |       |       |     7 |       ||     7
Throw: Dart              |       |       |    43 |    55 ||    98
 Cast: Summon Small Mamm |       |    21 |    23 |     8 ||    52
       Call Canine Famil |       |     3 |    27 |     8 ||    38
       Summon Lightning  |       |       |     1 |     7 ||     8
Invok: Heal Other        |       |       |    23 |     7 ||    30
       Lesser Healing    |       |       |    10 |     1 ||    11
       Divine Protection |       |       |     1 |     1 ||     2
  Use: Scroll            |     1 |     6 |     9 |     1 ||    17
       Potion            |       |     3 |     2 |     1 ||     6
 Stab: Sleeping          |     7 |    11 |     3 |       ||    21
       Invisible         |       |     1 |       |       ||     1
       Distracted        |       |     6 |     7 |     1 ||    14
Armor: Robe              |    51 |   117 |   228 |    97 ||   493
Dodge: Dodged            |    55 |   166 |   290 |   138 ||   649
       Rpst.: Scimitar   |       |       |     2 |       ||     2

Table legend: (Time is in decaauts)
 A = Elapsed time spent in this place.
 B = Non-inter-level travel time spent in this place.
 C = Inter-level travel time spent in this place.
 D = Time resting spent in this place.
 E = Time spent auto-exploring this place.
 F = Levels seen in this place.
 G = Mean time per level.
                   A        B        C        D        E       F      G
               +--------+--------+--------+--------+--------+-----+--------+
         Total |  22325 |  21716 |    609 |   6084 |  11494 |  11 | 2029.5 |
       Dungeon |  20475 |  19866 |    609 |   5329 |  10957 |  10 | 2047.5 |
       Ossuary |   1850 |   1850 |      0 |    755 |    537 |   1 | 1850.0 |
               +--------+--------+--------+--------+--------+-----+--------+

Top non-repeatable levels by time:
     D:9: 4356 daAuts
     D:7: 3480 daAuts
     D:5: 2862 daAuts
     D:6: 1943 daAuts
     D:8: 1895 daAuts
 Ossuary: 1850 daAuts
     D:1: 1714 daAuts
     D:4: 1517 daAuts
     D:2: 1477 daAuts
     D:3: 987 daAuts
    D:10: 241 daAuts
